 Dungeon Crawl Stone Soup version 0.30-a0-723-gc1506a1cf0 (webtiles) character file.

Game seed: 14607421693987516996

38 iguanaiguana the Trooper (level 3, 0/35 HPs)
             Began as a Meteoran Delver on Jan 29, 2023.
             Slain by an iguana (10 damage)
             ... on level 5 of the Dungeon.
             The game lasted 00:01:20 (72 turns).

iguanaiguana the Trooper (Meteoran Delver)            Turns: 72, Time: 00:01:21

Health: 0/35       AC:  3    Str: 13    XL:     3   Next: 91%
Magic:  4/4        EV: 12    Int: 14    God:
Gold:   0          SH:  0    Dex: 15    Spells: 2/2 levels left

rFire   . . .      SeeInvis .    a - +0 spear
rCold   . . .      Faith    .    (no shield)
rNeg    . . .      Spirit   .    b - +0 leather armour
rPois   .          Reflect  .    (no helmet)
rElec   .          Harm     .    (no cloak)
rCorr   .          Rampage  .    (no gloves)
Will    .....                    (no boots)
Stlth   +                        (no amulet)
HPRegen 0.25/turn                (no ring)
MPRegen 0.09/turn                (no ring)

@: hasted, glowing, very quick
A: sense surroundings 1, otherworldly, glowing, explore regen
a: no special abilities


You were on level 5 of the Dungeon.
You visited 1 branch of the dungeon, and saw 1 of its levels.

Inventory:

Hand Weapons
 a - a +0 spear (weapon)
Armour
 b - a +0 leather armour (worn)
Wands
 g - a wand of digging (3) {@v3}
Scrolls
 c - a scroll of fog
 d - a scroll of magic mapping {@r5}


   Skills:
 + Level 4.8 Fighting
 - Level 2.4 Polearms
 - Level 2.4 Dodging
 - Level 3.7 Stealth


You had 2 spell levels left.
You didn't know any spells.
Your spell library was empty.

Dungeon Overview and Level Annotations

Branches:
Dungeon (5/15) Zot: 544
 Temple: D:4-7

Altars:


Innate Abilities, Weirdness & Mutations

You passively map a small area around you.
You are easily found by Zot.
You glow in the dark.
You regain HP and MP as you explore.


Message History

You hit the iguana but do no damage.
The iguana is lightly wounded.
You hit the iguana but do no damage.
The iguana is lightly wounded.
You hit the iguana.
The iguana is heavily wounded.
You hit the iguana but do no damage.
The iguana is heavily wounded.
You hit the iguana.
The iguana is heavily wounded.
You barely miss the iguana.
The iguana is heavily wounded.
You closely miss the iguana.
The iguana is heavily wounded.
You hit the iguana but do no damage.
The iguana is heavily wounded.
The iguana bites you!
You hit the iguana but do no damage.
The iguana is heavily wounded.
Okay, then.
Okay, then.
It was a potion of curing.
You feel better.
You completely miss the iguana.
The iguana is heavily wounded.
You hit the iguana.
The iguana is heavily wounded.
You hit the iguana but do no damage.
The iguana is heavily wounded.
The iguana bites you!
* * * LOW HITPOINT WARNING * * *
You hit the iguana but do no damage.
The iguana is heavily wounded.
The iguana bites you!
* * * LOW HITPOINT WARNING * * *
You hit the iguana.
The iguana is severely wounded.
You hit the iguana.
The iguana is almost dead.
The iguana bites you!
You die...

* ####**##### ,
.....##...# * *
#.<...l@..# ###########
#....##...####..........
* #..
#..###.l..........h. , .
....# #.####.#########
,...## #.# #.# # ..* #.
* #l# # , ., # , ..# # ,
, * * ### *,


You could see 2 iguanas.

Vanquished Creatures
  A hound (D:5)
  An adder (D:5)
2 creatures vanquished.

Notes
Turn   | Place    | Note
-------+----------+-------------------------------------------
     0 | D:5      | iguanaiguana the Meteoran Delver began the quest for the
                  | Orb.
     0 | D:5      | Reached XP level 1. HP: 19/19 MP: 2/2
    14 | D:5      | Noticed a hound
    22 | D:5      | Reached skill level 4 in Fighting
    22 | D:5      | Reached XP level 2. HP: 25/27 MP: 3/3
    32 | D:5      | Killed a hound
    33 | D:5      | Reached XP level 3. HP: 19/35 MP: 4/4
    72 | D:5      | Slain by an iguana

Illustrated notes

Levels and vault maps discovered:
D:5:      layout_loops_ring

Skill      XL: |  1 |
---------------+----+-----
Fighting       | 4 |  4.8
Polearms       | |  2.4
Dodging        | |  2.4
Stealth        | |  3.7

Action                     || total
---------------------------++-------
  Melee: Spear             ||    37
    Use: Potion            ||     2
         Scroll            ||     1
 Armour: Leather armour    ||     9
  Dodge: Dodged            ||    18

Table legend: (Time is in decaauts)
 A = Elapsed time spent in this place.
 B = Non-inter-level travel time spent in this place.
 C = Inter-level travel time spent in this place.
 D = Time resting spent in this place.
 E = Time spent auto-exploring this place.
 F = Levels seen in this place.
 G = Mean time per level.
                   A        B        C        D        E       F      G
               +--------+--------+--------+--------+--------+-----+--------+
         Total |     54 |     54 |      0 |      0 |      0 |   1 |   54.0 |
       Dungeon |     54 |     54 |      0 |      0 |      0 |   1 |   54.0 |
               +--------+--------+--------+--------+--------+-----+--------+

Top non-repeatable levels by time:
     D:5: 54 daAuts
